 Dungeon Crawl Stone Soup version 0.21.1-1-g345015f (webtiles) character file.

599 Mgcat the Skirmisher (level 7, -5/47 HPs)
             Began as a Gargoyle Gladiator on Feb 12, 2018.
             Was an Initiate of Ru.
             Splashed by Ijyb's acid (8 damage)
             ... on level 5 of the Dungeon.
             The game lasted 00:10:28 (4327 turns).

Mgcat the Skirmisher (Gargoyle Gladiator)           Turns: 4327, Time: 00:10:29

Health: -5/47      AC: 13    Str: 17    XL:     7   Next: 41%
Magic:  7/7        EV:  7    Int: 11    God:    Ru [......]
Gold:   285        SH:  3    Dex: 13    Spells: 6/6 levels left

rFire    x . .     SeeInvis .   a - +0 war axe
rCold    + . .     Gourm    .   i - +0 buckler
rNeg     + . .     Faith    .   e - +0 chain mail
rPois    ∞         Spirit   .   c - +0 helmet
rElec    +         Reflect  .   (no cloak)
rCorr    .         Harm     .   (no gloves)
MR       .....                  (no boots)
Stlth    ..........             v - amulet of regeneration {+regen, !d}
HPRegen  0.55/turn              l - ring of ice {rC+, rF-}
MPRegen  0.10/turn              n - +2 ring of intelligence

@: no status effects
A: negative energy resistance 1, electricity resistance, unbreathing,
petrification resistance, rot immunity, AC +4
a: Renounce Religion


You were on level 5 of the Dungeon.
You worshipped Ru.
Ru was noncommittal.
You were hungry.

You visited 1 branch of the dungeon, and saw 6 of its levels.

You collected 285 gold pieces.

Inventory:

Hand Weapons
 a - a +0 war axe (weapon)
 t - a +0 morningstar
   (You took it off an orc on level 3 of the Dungeon)
Missiles
 g - 14 tomahawks (quivered)
Armour
 c - a +0 helmet (worn)
 e - a +0 chain mail (worn)
   (You found it on level 1 of the Dungeon)
 i - a +0 buckler (worn)
   (You found it on level 1 of the Dungeon)
Jewellery
 l - a ring of ice (left hand) {rC+, rF-}
   (You found it on level 2 of the Dungeon)
 n - a +2 ring of intelligence (right hand)
   (You found it on level 2 of the Dungeon)
 v - an amulet of regeneration (around neck) {+regen, !d}
   (You found it on level 3 of the Dungeon)
Scrolls
 p - 4 scrolls of remove curse
 z - 2 scrolls of identify
Potions
 b - a potion of cancellation
 h - a potion of ambrosia {unknown}
 k - a potion of brilliance
 m - 2 potions of flight
 q - a potion of lignification {!q}
 r - a potion of mutation {unknown}
 u - a potion of agility {unknown}
 w - a potion of resistance {unknown}
 x - 2 potions of magic {unknown}
 B - a potion of invisibility {unknown}
Comestibles
 f - 10 rations


   Skills:
 + Level 6.3 Fighting
 + Level 5.6 Axes
 - Level 1.7 Throwing
 - Level 2.4 Dodging


You had 6 spell levels left.
You didn't know any spells.

Dungeon Overview and Level Annotations

Branches:
Dungeon (6/15)             Temple (0/1) D:6

Altars:
Ashenzari
Dithmenos
Elyvilon
Gozag
Hepliaklqana
Qazlal
Ru
Trog
Vehumet
Xom
Yredelemnul
Zin
The Shining One

Shops:
D:4 [

Annotations:
D:5 Ijyb, Sigmund


Innate Abilities, Weirdness & Mutations

You are resistant to torment.
Your stone body is resilient. (AC +4)
You are immune to poison.
You resist negative energy. (rN+)
You are resistant to electric shocks. (rElec)
You can survive without breathing.
You are immune to petrification.
You are immune to rotting.


Message History

Sigmund hits you from afar with a scythe.
* * * LOW HITPOINT WARNING * * *
The scorpion stings you but does no damage.
You miss the scorpion.
The scorpion is severely wounded.
Sigmund casts a spell.
Sigmund flickers and vanishes!
Deactivating autopickup; reactivate with Ctrl-A.
The scorpion barely misses you.
You bump into the rock wall.
Something hits you but does no damage.
You bump into the rock wall.
You feel less confused.
The scorpion stings you but does no damage.
The scorpion stings you but does no damage.
Your extra speed is starting to run out.
There is a stone staircase leading up here.
You climb upwards.
There is a stone staircase leading down here.
You start resting.
You feel yourself slow down.
You start resting.
HP restored.
You start resting.
Some of the chunks of flesh in your inventory have rotted away.
HP restored.
There is a stone staircase leading down here.
You climb downwards.
Level annotation: Sigmund
There is a stone staircase leading up here.
The gnoll shouts!
The gnoll throws a throwing net.
The throwing net barely misses you.
All of the chunks of flesh in your inventory have rotted away.
There is a stone staircase leading down here.
You see here a throwing net {=f, !d}.
You climb downwards.
You hear the sound of rushing water.
There is an entrance to a sewer on this level.
Hurry and find it before the portal rusts away!
There is a stone staircase leading up here.
Unknown command.
Unknown command.
Unknown command.
As you read the scroll labeled OCYLIA ALOUKUOTU, it crumbles to dust.
You feel aware of your surroundings.
You sensed 1 shop/portal.
It was a scroll of magic mapping.
You are feeling hungry.
You climb upwards.
Level annotation: Sigmund
There is a stone staircase leading down here.
You see here a throwing net {=f, !d}.
The gnoll hits you with a whip.
You hit the gnoll but do no damage. You block the gnoll's attack.
You slash the gnoll!
You kill the gnoll!
You see here a whip.
Unknown command.
Unknown command.
Unknown command.
Unknown command.
Unknown command.
Marking area around Ijyb as unsafe for travelling.
Ijyb the Twisted Goblin comes into view.
She is wielding a dagger.
Ijyb shouts!
Unknown command.
Unknown command.
Ijyb hits you but does no damage.
You hit Ijyb but do no damage. Ijyb hits you but does no damage.
You block Ijyb's attack.
You hit Ijyb but do no damage. Ijyb closely misses you.
You slash Ijyb!
Ijyb is heavily wounded.
Ijyb hits you but does no damage.
Your shield and chain mail prevent you from hitting Ijyb.
Ijyb is heavily wounded.
Ijyb zaps a wand.
The bolt of acid hits you!
You are splashed with acid!
The acid burns!
It is a wand of acid (6).
You closely miss Ijyb.
Ijyb is heavily wounded.
Ijyb hits you but does no damage. Ijyb barely misses you.
You closely miss Ijyb.
Ijyb is heavily wounded.
Ijyb zaps a wand.
The bolt of acid misses you.
You closely miss Ijyb.
Ijyb is heavily wounded.
Ijyb zaps a wand.
The bolt of acid misses you.
You hit Ijyb but do no damage.
Ijyb is heavily wounded.
Ijyb completely misses you. Ijyb hits you but does no damage.
You slash Ijyb!
Ijyb is almost dead.
Ijyb hits you but does no damage.
You closely miss Ijyb.
Ijyb is almost dead.
Ijyb hits you but does no damage.
You barely miss Ijyb.
Ijyb is almost dead.
Ijyb zaps a wand.
The bolt of acid hits you!
Ouch! That really hurt!
* * * LOW HITPOINT WARNING * * *
You are splashed with acid!
The acid burns!
You die...

#. #.# ..
#.# $ #.##
# #.. #....
.#
#####.#.# #
..
......g.#.#
.# #.#@#.#
# #(....# #
###.### #.#
#.# #.# #.#
#.# #.#


You could see Ijyb.

Vanquished Creatures
  A gnoll sergeant (D:5)
  A bullfrog zombie (D:4)
  A hound (D:4)
  4 orc priests
  Jessica (D:2)
  A worker ant (D:4)
  3 orc wizards
  A hound zombie (D:5)
  8 gnolls
  3 adders
  An ooze (D:3)
  2 worms
  4 leopard geckos
  20 orcs
  5 giant cockroaches
  3 goblins
  8 hobgoblins
  2 quokkas
  A ball python (D:1)
  4 bats
  5 frilled lizards
  11 kobolds
  4 rats
94 creatures vanquished.

Notes
Turn   | Place    | Note
-------+----------+-------------------------------------------
     0 | D:1      | Mgcat the Gargoyle Gladiator began the quest for the Orb.
     0 | D:1      | Reached XP level 1. HP: 12/12 MP: 1/1
   315 | D:1      | Reached XP level 2. HP: 18/18 MP: 2/2
   347 | D:1      | Reached skill level 3 in Axes
   945 | D:2      | Reached skill level 3 in Fighting
  1030 | D:2      | Reached XP level 3. HP: 18/23 MP: 3/3
  1051 | D:2      | Found an opulent altar of Gozag.
  1124 | D:2      | Noticed Jessica
  1136 | D:2      | Killed Jessica
  1340 | D:2      | Reached XP level 4. HP: 28/28 MP: 4/4
  1498 | D:2      | You fall through a shaft!
  1853 | D:2      | Reached skill level 4 in Fighting
  1863 | D:2      | Reached skill level 4 in Axes
  1868 | D:2      | Reached XP level 5. HP: 33/33 MP: 5/5
  2141 | D:3      | Found a shadowy altar of Dithmenos.
  2282 | D:3      | Found a bloodstained altar of Trog.
  2322 | D:3      | Reached XP level 6. HP: 40/40 MP: 6/6
  2453 | D:3      | Reached skill level 5 in Fighting
  2960 | D:4      | Found Ygym's Antique Armour Boutique.
  2997 | D:4      | Found a radiant altar of Vehumet.
  3073 | D:4      | Found a glowing silver altar of Zin.
  3073 | D:4      | Found a shimmering altar of Xom.
  3073 | D:4      | Noticed an angel
  3128 | D:4      | Found a shattered altar of Ashenzari.
  3349 | D:4      | Reached skill level 5 in Axes
  3415 | D:4      | HP: 5/40 [orc priest/divine providence (13)]
  3422 | D:4      | Reached XP level 7. HP: 26/45 MP: 7/7
  3798 | D:5      | Entered Level 5 of the Dungeon
  3818 | D:5      | Found a stormy altar of Qazlal.
  3848 | D:5      | Found a hazy altar of Hepliaklqana.
  3848 | D:5      | Found a white marble altar of Elyvilon.
  3848 | D:5      | Found a glowing golden altar of the Shining One.
  3848 | D:5      | Found a sacrificial altar of Ru.
  3848 | D:5      | Found a basalt altar of Yredelemnul.
  3856 | D:5      | Reached skill level 6 in Fighting
  3866 | D:5      | Became a worshipper of Ru the Awakened
  4135 | D:5      | Noticed Sigmund
  4147 | D:5      | HP: 9/47 [Sigmund/scythe (6)]
  4164 | D:5      | HP: 7/47 [Sigmund/scythe (6)]
  4315 | D:5      | Noticed Ijyb
  4327 | D:5      | HP: 3/47 [Ijyb/wand of acid (4) (25)]
  4327 | D:5      | Splashed by Ijyb's acid

Skill      XL: |  1  2  3  4  5  6  7 |
---------------+----------------------+-----
Axes           | 3 4 5 |  5.6
Fighting       | 3 4 5 6 |  6.3
Throwing       | |  1.7
Dodging        | |  2.4

Action                   |  1- 3 |  4- 6 |  7- 9 || total
-------------------------+-------+-------+-------++-------
Melee: War axe           |   120 |   199 |    96 ||   415
Throw: Throwing net      |       |       |     3 ||     3
  Use: Scroll            |       |     7 |     1 ||     8
       Potion            |       |     2 |     3 ||     5
  Eat: Chunk             |     2 |     7 |     2 ||    11
Armor: Leather armour    |     7 |       |       ||     7
       Chain mail        |    79 |   167 |    63 ||   309
Dodge: Dodged            |    55 |    72 |    43 ||   170
Block: Buckler           |    11 |    36 |    11 ||    58

Vault maps used:
D:1:      grunt_arrival_lava_bath
D:2:      first_ration, nicolae_gozag_cash_rules_everything_around_me,
          uniq_jessica
D:3:      nicolae_dithmenos_through_a_glass_darkly,
          nicolae_overflow_crystal_walls
D:4:      grunt_temple_overflow_order_and_chaos_1, kennysheep_little_box,
          lemuel_crystal_altar, serial_shops, nicolae_shop_trees
D:5:      grunt_temple_overflow_open, basic_altar, uniq_prince_ribbit1,
          uniq_sigmund, uniq_ijyb
D:6:      minmay_temple_entry_enclosed_plants, portal_sewer_entry_a,
          serial_curves, eino_curves_04, eino_curves_02, uniq_duvessa

Table legend:
 A = Turns spent in this place as a percentage of turns spent in the entire game.
 B = Non-inter-level travel turns spent in this place as a percentage of non-inter-level travel turns spent in the entire game.
 C = Inter-level travel turns spent in this place as a percentage of turns spent in this place.
 D = Turns resting spent in this place as a percentage of non-inter-level travel turns spent in this place.
 E = Turns spent auto-exploring this place as a percentage of non-inter-level travel turns spent in this place.
 F = Non-inter-level travel turns spent in this place divided by the number of levels of this place that you've seen.
                   A       B       C       D       E      F
               +-------+-------+-------+-------+-------+----------------------
         Total | 100.0 | 100.0 |   3.7 |   2.4 |  77.5 | 694.7
       Dungeon | 100.0 | 100.0 |   3.7 |   2.4 |  77.5 | 694.7
               +-------+-------+-------+-------+-------+----------------------

Table legend:
 A = Kills in this place as a percentage of kills in entire the game.
 B = Kills by you in this place as a percentage of kills by you in the entire game.
 C = Kills by friends in this place as a percentage of kills by friends in the entire game.
 D = Other kills in this place as a percentage of other kills in the entire game.
 E = Experience gained in this place as a percentage of experience gained in the entire game.
 F = Experience gained in this place divided by the number of levels of this place that you have seen.
                   A       B       C       D       E      F
               +-------+-------+-------+-------+-------+----------------------
         Total | 100.0 | 100.0 |   N/A |   N/A | 100.0 | 142.8
       Dungeon | 100.0 | 100.0 |   N/A |   N/A | 100.0 | 142.8
               +-------+-------+-------+-------+-------+----------------------
